 Dungeon Crawl Stone Soup version 0.22.0-32-gbc6daba (webtiles) character file.

63 Monsterracer the Cudgeler (level 3, 28/30 HPs)
             Began as a Demigod Warper on Aug 24, 2018.
             Quit the game on level 2 of the Dungeon.
             The game lasted 00:02:28 (2282 turns).

Monsterracer the Cudgeler (Demigod Warper)          Turns: 2282, Time: 00:02:29

Health: 28/30      AC:  5    Str: 16    XL:     3   Next: 63%
Magic:  8/8        EV: 12    Int: 17    God:
Gold:   51         SH:  0    Dex: 15    Spells: 5/5 levels left

rFire    . . .     SeeInvis +   o - -1 whip (curse)
rCold    . . .     Gourm    .   (no shield)
rNeg     . . .     Faith    .   b - +0 leather armour
rPois    .         Spirit   .   h - +1 helmet {SInv}
rElec    .         Reflect  .   (no cloak)
rCorr    .         Harm     .   (no gloves)
MR       .....                  (no boots)
Stlth    +.........             (no amulet)
HPRegen  0.10/turn              (no ring)
MPRegen  0.11/turn              (no ring)

@: no status effects
A: high mp 1
a: no special abilities


You were on level 2 of the Dungeon.
You were very hungry.

You visited 1 branch of the dungeon, and saw 2 of its levels.

You collected 51 gold pieces.

Inventory:

Hand Weapons
 a - a +0 mace
 o - a cursed -1 whip (weapon)
Missiles
 e - 5 tomahawks of dispersal (quivered)
 i - 8 tomahawks
Armour
 b - a +0 leather armour (worn)
 h - a +1 helmet of see invisible (worn)
Wands
 l - a wand of digging (4)
Scrolls
 d - a scroll of blinking
 f - 3 scrolls of immolation {!r}
Potions
 j - a potion of heal wounds {unknown}
 m - a potion of curing {unknown}
 n - a potion of degeneration {unknown}
Comestibles
 c - 7 rations


   Skills:
 + Level 2.6 Fighting
 * Level 3.3 Maces & Flails
 - Level 0.8 Throwing
 - Level 0.8 Armour
 - Level 1.7 Dodging
 - Level 1.7 Spellcasting
   Level 2.6 Translocations


You had 5 spell levels left.
You didn't know any spells.
Your spell library contained the following spells:

 Spells                   Type           Power        Failure   Level  Hunger
 Blink                    Tloc           N/A          12%         2    ###....
 Shroud of Golubria       Chrm/Tloc      #.........   22%         2    ###....
 Gell's Gravitas          Tloc           ##........   24%         3    ###....
 Lesser Beckoning         Tloc           ##........   24%         3    ###....
 Teleport Other           Tloc           ##......     24%         3    ###....
 Passage of Golubria      Tloc           N/A          63%         4    #####..


Dungeon Overview and Level Annotations

Branches:
Dungeon (2/15)


Innate Abilities, Weirdness & Mutations

You have an increased reservoir of magic. (+10% MP)


Message History

You hit the giant cockroach but do no damage.
The giant cockroach barely misses you.
You barely miss the giant cockroach.
The giant cockroach closely misses you. x2
You hit the giant cockroach but do no damage.
The giant cockroach bites you but does no damage.
You barely miss the giant cockroach.
The giant cockroach closely misses you. x2
You hit the giant cockroach.
The giant cockroach is almost dead.
The giant cockroach waves its antennae.
The giant cockroach bites you but does no damage.
You hit the giant cockroach.
You kill the giant cockroach!
You enter the shallow water.
Moving in this stuff is going to be slow.
There is a stone staircase leading down here.
You regained 4 hp, and now have 17/30 hp.
You start resting.
You are feeling very hungry.
You regained 6 hp, and now have 23/30 hp.
Unknown command.
You start resting.
HP restored.
Health restored: 30 You climb downwards.
A jackal comes into view.
The jackal moves out of view.
Found a ration.
There is a stone staircase leading up here.
The jackal barks!
A dart slug comes into view.
There are monsters nearby!
You barely miss the jackal.
The jackal bites you but does no damage.
The jackal closely misses you.
You barely miss the jackal. The jackal closely misses you. x2
You hit the jackal.
The jackal is heavily wounded.
The jackal bites you.
You take 1 damage, and have 29/30 hp.
You hit the jackal.
You kill the jackal!
Health restored: 30 The dart slug bites you.
You take 1 damage, and have 29/30 hp.
You hit the dart slug.
The dart slug is heavily wounded.
The dart slug launches a dart at you. The slug dart hits you!
The dart slug barely misses you.
You hit the dart slug but do no damage.
The dart slug is heavily wounded.
The dart slug completely misses you.
A dart slug is nearby!
You hit the dart slug.
The dart slug is severely wounded.
The dart slug bites you but does no damage.
You sock the dart slug!
You kill the dart slug!
HP restored.
c - 6 rations (gained 1)
There is a stone staircase leading up here.
c - 7 rations (gained 1)
Found a stone staircase leading down.
No target in view!
Health restored: 30
Found a glowing whip.
No target in view!
A ball python comes into view.
The ball python hisses angrily.
A ball python is nearby!
You hit the ball python.
The ball python is severely wounded.
The ball python closely misses you. The ball python barely misses you. x2
The ball python closely misses you.
You sock the ball python!
You kill the ball python!
No target in view!
You see here a glowing whip.
o - a glowing whip Wield which item (- for none, * to show all)? (? for menu, Esc to quit)
It sticks to your hand!
o - a cursed -1 whip (weapon)
As you read the scroll labeled LEUDOA EMNAXU, it crumbles to dust.
The air around you briefly surges with heat, but it dissipates.
It was a scroll of immolation.
As you read the scroll labeled MOEKHI MOGHI, it crumbles to dust.
You feel strangely unstable.
It was a scroll of teleportation.
As you read the scroll labeled OWNUSEPSOY, it crumbles to dust.
You hear a loud clanging noise!
It was a scroll of noise.
You hear a shout! x4; You hear a bark!
You start waiting.
Your surroundings suddenly seem different.
Unknown command.
The rat is too close now for your liking.
A rat is nearby!
Found a stone staircase leading down.
The rat bites you.
You take 2 damage, and have 28/30 hp.
Are you sure you want to abandon this character and quit the game? (Confirm with "yes".)

............................
..#.#.#..##......#........#
........##................#
...#..###.................#
.....## #.................#
.....####...................
...#.o..o..........####...##
...o.####...............###
..h### ##......@.#######
).## .......r..# .<#
......!...# ..# ..........#
### ..........# ..........#
#....>...## ##......##


You could see a rat.

Vanquished Creatures
  An adder (D:2)
  3 dart slugs
  2 leopard geckos (D:2)
  4 bats (D:1)
  3 giant cockroaches (D:1)
  13 goblins
  2 hobgoblins (D:1)
  5 jackals
  3 kobolds (D:1)
  A quokka (D:2)
  A ball python (D:2)
  A frilled lizard (D:2)
  2 rats (D:1)
41 creatures vanquished.

Notes
Turn   | Place    | Note
-------+----------+-------------------------------------------
     0 | D:1      | Monsterracer the Demigod Warper began the quest for the Orb.
     0 | D:1      | Reached XP level 1. HP: 17/17 MP: 5/5
   100 | D:1      | Reached skill level 2 in Maces & Flails
   103 | D:1      | HP: 7/17 [hobgoblin (2)]
   363 | D:1      | HP: 7/17 [goblin/club (2)]
   465 | D:1      | Reached XP level 2. HP: 17/24 MP: 7/7
  1302 | D:1      | Reached XP level 3. HP: 29/29 MP: 8/8
  1508 | D:2      | Reached skill level 3 in Maces & Flails
  1709 | D:2      | HP: 15/30 [leopard gecko (2)]
  1715 | D:2      | HP: 11/30 [leopard gecko (3)]
  1999 | D:2      | HP: 15/30 [giant cockroach (2)]
  2282 | D:2      | Quit the game

Skill      XL: |  1  2  3 |
---------------+----------+-----
Maces & Flails | 2 3 |  3.3
Fighting       | 2 |  2.6
Throwing       | |  0.8
Armour         | |  0.8
Dodging        | |  1.7
Spellcasting   | |  1.7
Translocations | |  2.6

Action                   || total
-------------------------++-------
Melee: Mace              ||   148
  Use: Scroll            ||     3
 Stab: Sleeping          ||     1
  Eat: Chunk             ||     3
Armor: Leather armour    ||    58
Dodge: Dodged            ||   128

Vault maps used:
D:1:      matt_arrival_spirals, serial_bayou_pond_c, minmay_ruptured
D:2:      first_ration
